 Dungeon Crawl Stone Soup version 0.22-a0-409-gb855193 (webtiles) character file.

566342 dstrtnsr the Heavyweight Champion (level 25, -2/192 HPs)
             Began as a Troll Fighter on May 10, 2018.
             Was an Initiate of Lugonu.
             Killed from afar by a Tzitzimitl (27 damage)
             ... with a bolt of cold
             ... led by Saraodgh
             ... on level 1 of the Depths.
             The game lasted 01:10:15 (39151 turns).

dstrtnsr the Heavyweight Champion (Troll Fighter)  Turns: 39151, Time: 01:10:16

Health: -2/192     AC: 20    Str: 38    XL:     25
Magic:  19/19      EV:  9    Int:  1    God:    Lugonu [......]
Gold:   1751       SH: 22    Dex:  9    Spells: 32/32 levels left

rFire    + + +     SeeInvis .     - Unarmed
rCold    + + .     Gourm    +   C - +0 large shield
rNeg     . . .     Faith    .   t - +1 gold dragon scales
rPois    +         Spirit   .   n - +2 hat
rElec    .         Reflect  .   K - scarf {rC+ rF+}
rCorr    .         Harm     .   (gloves unavailable)
MR       ++...     Rnd*Rage +   (boots unavailable) Stlth ..........Rnd*Tele +
                                u - amulet of regeneration
HPRegen  1.22/turn              B - +4 ring of protection
MPRegen  0.16/turn              E - ring of Lies {rF+ MR+}

@: about to teleport, berserk cooldown, drained
A: large, unfitting armour, claws 3, camouflage 1, berserk 1[+2], [deformed
body], dopey 1[+1], fast metabolism 3, frail 1[+2], gourmand, low mp 1[+2],
regeneration 1, shaggy fur 1, [teleportitis 2], tough skin 2, no potion heal 1,
[subdued magic 2], no stealth, inability to use devices, no earth magic, no
necromancy magic, no translocations magic, inexperienced 1
0: Orb of Zot
}: 3/15 runes: decaying, silver, gossamer
a: Renounce Religion


You were on level 1 of the Depths.
You worshipped Lugonu.
Lugonu was noncommittal.
You were hungry.

You visited 8 branches of the dungeon, and saw 45 of its levels.
You visited the Abyss 3 times.

You collected 2727 gold pieces.
You spent 976 gold pieces at shops.

Inventory:

Missiles
 b - 2 throwing nets (quivered)
Armour
 n - a +2 hat (worn)
 s - the -5 hat of Gravity {rElec rF- Dex+10}
   (You acquired it on level 2 of the Realm of Zot)

   It affects your dexterity (+10).
   It makes you vulnerable to fire.
   It insulates you from electricity.
 t - +1 gold dragon scales (worn)
 C - a +0 large shield (worn)
 K - a scarf of resistance (worn)
Jewellery
 u - an amulet of regeneration (around neck)
 B - a +4 ring of protection (left claw)
 E - the ring of Lies (right claw) {rF+ MR+}
   (You bought it in a shop on level 2 of the Vaults)

   [ring of protection from magic]

   It protects you from fire.
   It affects your resistance to hostile enchantments.
Scrolls
 g - a scroll of teleportation {!d}
 k - a scroll of fear
 l - 3 scrolls of immolation
 m - 12 scrolls of remove curse {@r2}
 p - a scroll of blinking
 r - 3 scrolls of vulnerability
 I - 12 scrolls of identify {@r1}
Potions
 d - 4 potions of cancellation
 x - 4 potions of flight
 z - 4 potions of lignification
 A - 6 potions of brilliance
 D - 2 potions of agility
 H - 2 potions of mutation
Miscellaneous
 y - a phantom mirror
Comestibles
 e - 50 rations {!d}


   Skills:
 + Level 20.5(19.4) Fighting
 - Level 10.0(9.1) Armour
 + Level 13.1(12.2) Dodging
 - Level 15.0(14.0) Shields
 O Level 27(25.7) Unarmed Combat
 - Level 4.0(3.2) Spellcasting


You had 32 spell levels left.
You didn't know any spells.

Dungeon Overview and Level Annotations

Branches:
Dungeon (15/15)            Temple (1/1) D:5            Lair (6/6) D:11
  Swamp (4/4) Lair:4       Spider (4/4) Lair:4        Slime (0/5) Lair:5
 Vaults (5/5) D:14          Crypt (0/3) Vaults:3     Depths (5/5) D:15
    Zot (5/5) Depths:5
    Orc: D:9-12

Altars:
Ashenzari
Cheibriados
Dithmenos
Elyvilon
Fedhas
Gozag
Hepliaklqana
Kikubaaqudgha
Makhleb
Nemelex Xobeh
Okawaru
Qazlal
Ru
Sif Muna
Trog
Vehumet
Wu Jian
Xom
Yredelemnul
Jiyva

Shops:
D:7 }   Vaults:2 *[*   Vaults:3 [[(?[   Vaults:4 (

Portals:
Hell: Depths:1 Depths:2 Depths:4
Ziggurat: Depths:1
Trove: D:13 (lose all piety)

Annotations:
D:6 dstrtnsr's ghost, novice TrFi
D:7 Jessica
Lair:6 1 runed door
Swamp:4 exclusion: Roxanne, Roxanne
Zot:2 exclusion: 3 lightning spires


Innate Abilities, Weirdness & Mutations

You are too large for most types of armour.
You have claws for hands.
Your metabolism is lightning-fast.
You like to eat raw meat.
Your natural rate of healing is unusually fast.
You are covered in fur. (AC +1)
You have very tough skin. (AC +2)
Potions are less effective at restoring your health.
You cannot be stealthy.
You cannot study or use magical devices.
You cannot study or cast Earth magic.
You cannot study or cast Necromancy magic.
You cannot study or cast Translocations magic.
You are somewhat inexperienced. (-2 XL)
Your skin changes colour to match your surroundings (Stealth+).
[You have an uncontrollable temper.]
[Armour fits poorly on your strangely shaped body.]
[You are very dopey. (Int -4)]
[You are extremely frail. (-30% HP)]
[Your magical capacity is extremely low. (-30% MP)]
[You are sometimes teleported next to monsters.]
[Your spells are easier to cast, but less powerful.]


Message History

The iron imp blinks!
You claw the wretched star!
The wretched star is severely damaged.
The quasit disappears in a puff of smoke!
The salamander hits you.
You are engulfed in flames.
You resist. The naga hits you with a short sword. You block the naga's attack.
The wretched star pulses with an eldritch light!
Your body twists and deforms.
You feel angry.
You feel extremely angry at everything! You block the iron imp's attack.
You mangle the wretched star!!
You destroy the wretched star!
You block the salamander's attack. You block the naga's attack.
The naga grabs you. The naga constricts you.
A naga comes into view. It is wielding a flail.
You eviscerate the naga!!!
You kill the naga!
The iron imp barely misses you. You block the neqoxec's attack.
A hell knight comes into view. It is wielding an enchanted glaive.
You claw the neqoxec!
The neqoxec is heavily wounded.
You block the salamander's attack.
You eviscerate the neqoxec!!!
You kill the neqoxec!
The crimson imp disappears in a puff of smoke! x2
The iron imp disappears in a puff of smoke!
You block the salamander's attack.
You eviscerate the salamander!!!
The salamander is almost dead.
You hear a shout!
You hear a bark! x2; You hear a shout!
You hear a bark!
Unknown command.
You mangle the guardian serpent!!
The guardian serpent is severely wounded.
You block the guardian serpent's attack.
You eviscerate the guardian serpent!!!
You kill the guardian serpent!
The salamander wields a runed shortbow.
It bursts into flame!
The salamander shoots an arrow.
You block the arrow.
A naga mage comes into view. It is wielding a halberd of distortion.
You pass through the gate.
Welcome back to the Depths!
You can no longer depart the Abyss at will.
A rust devil comes into view.
You feel yourself speed up.
You are feeling hungry.
The rust devil screeches!
Saraodgh hits you but does no damage. Xatoff hits you!!!
You block Saraodgh's attack.
The red devil hops backward while attacking.
You block the red devil's attack. Xatoff hits you!!
You blink.
The orange demon stings you but does no damage.
The orange demon hits you but does no damage.
The Tzitzimitl calls on the powers of darkness!
Your body is wracked with pain!
* * * LOW HITPOINT WARNING * * *
You block the orange demon's attack.
The orange demon hits you but does no damage.
The Tzitzimitl barely misses you. x2; The orange demon misses you.
The orange demon hits you but does no damage.
You hear a shout!
Unknown command.
Unknown command.
Your blink will be uncontrolled - continue anyway?
The Orb prevents control of your translocation!
You blink.
As you read the scroll of blinking, it crumbles to dust.
The lich shouts!
A lich comes into view.
Unknown command.
As you read the scroll of teleportation {!d}, it crumbles to dust.
You feel strangely unstable.
You feel the Orb delaying your translocation!
As you read the scroll of summoning, it crumbles to dust.
Wisps of shadow whirl around you...
The lich casts a spell.
The lich seems to speed up.
Unknown command.
You swap places.
The Tzitzimitl gestures at you. The bolt of cold hits you! You resist.
* * * LOW HITPOINT WARNING * * *
The rust devil hits your ettin. The rust devil corrodes your ettin!
The Tzitzimitl gestures at you.
The bolt of negative energy hits your ettin.
Your ettin is drained!
The bolt of negative energy hits you!
You feel drained.
* * * LOW HITPOINT WARNING * * *
Your vampire mage completely misses Xatoff.
Your vampire mage bites Xatoff but does no damage.
Unknown command.
Okay, then.
Your system partially rejects the healing.
You feel better. The lich casts a spell at you.
The bolt of lightning hits the red devil.
The red devil dies!
The bolt of lightning hits your vampire mage.
The bolt of lightning misses you. The Tzitzimitl gestures at you.
The bolt of cold hits you! You resist.
You die...

#############
#...........########
#....C)1....'......#
#..@&&)4....##......
#.....4.....##.####.
#..V.V1.....##.# #.
#..L..).....##.# #.
#...........##.# #.
#........L..##.# #.
#...........##.# #.
#........##'##.# #.
+........#8.8#.# #.


You could see Saraodgh, Xatoff, 2 Tzitzimimeh, 2 liches, an orange demon, a rust
devil, a friendly vampire knight, a friendly ettin and a friendly vampire mage.

Vanquished Creatures
  3 orbs of fire
  8 ancient liches
  Bai Suzhen (Depths:2)
  A Killer Klown (Zot:5)
  2 curse toes
  Xtahua (Depths:4)
  11 golden dragons
  A caustic shrike (Depths:2)
  A bone dragon (Abyss:5)
  A Tzitzimitl (Zot:5)
  An iron giant (shapeshifter) (Depths:3)
  4 large abominations
  3 liches
  5 electric golems
  Asterion (Spider:1)
  A Brimstone Fiend (Zot:5)
  A Hell Sentinel (Zot:3)
  13 tentacled monstrosities
  27 Orb Guardians
  An Ice Fiend (Zot:3)
  7 quicksilver dragons
  4 titans (Vaults:5)
  14 storm dragons
  5 death cobs
  6 tengu reavers
  3 sphinxes
  A thorn hunter (Swamp:4)
  4 shadow dragons
  4 draconian monks
  8 frost giants
  3 draconian knights
  10 fire giants
  3 deep elf sorcerers
  7 ghost moths
  2 iron dragons
  15 vault wardens
  3 draconian scorchers
  Aizul (Vaults:1)
  2 deep elf elementalists (Vaults:5)
  Louise (D:14)
  An iron dragon (shapeshifter) (Vaults:5)
  4 draconian stormcallers
  An emperor scorpion (Spider:4)
  11 very ugly things
  7 draconian shifters
  4 draconian annihilators
  3 war gargoyles
  A spriggan defender (Depths:2)
  14 ironheart preservers
  14 stone giants
  2 small abominations
  5 entropy weavers
  2 deep elf annihilators
  5 black draconians
  2 vampire knights
  Nessos (Lair:4)
  2 deep elf demonologists
  7 purple draconians
  11 yellow draconians
  A lorocyproca (Depths:3)
  6 green draconians
  The ghost of dstrtnsr the Grappler, a journeyman TrFi of Qazlal (Lair:5)
  8 red draconians
  9 white draconians
  5 spark wasps
  2 green deaths (Zot:5)
  A crystal guardian (Vaults:4)
  A deep elf death mage (Vaults:2)
  6 fire dragons
  11 ettins
  2 jiangshi (Depths:2)
  A merfolk impaler (Depths:2)
  6 yaktaur captains
  4 great orbs of eyes
  6 ice dragons
  2 deep elf high priests (Vaults:5)
  Harold (Lair:1)
  38 vault guards
  2 spriggan air magi
  A ghost crab (Swamp:4)
  18 hydras
  A catoblepas (Lair:5)
  2 death knights
  8 centaur warriors
  2 dancing weapons
  6 death yaks (Lair:6)
  A death yak (shapeshifter) (Depths:5)
  5 deep troll shamans
  A vampire mage (Depths:2)
  9 ogre magi
  A tengu warrior (Depths:2)
  4 alligators (Swamp:4)
  35 two-headed ogres
  7 deep troll earth magi
  A spriggan berserker (Swamp:4)
  4 soul eaters
  Sonja (D:11)
  4 sun demons
  3 deep elf knights
  2 sixfirhies
  2 iron trolls (Depths:3)
  6 hell knights
  2 wretched stars (Abyss:5)
  A storm dragon skeleton (Vaults:3)
  4 skeletal warriors (Vaults:3)
  2 shadow wraiths
  3 unseen horrors
  20 deep trolls
  A shadow demon (Zot:3)
  7 glowing orange brains
  2 deep trolls (shapeshifter)
  13 swamp dragons
  5 deep elf archers
  A death drake (shapeshifter) (Vaults:1)
  8 wizards
  A necromancer (Vaults:5)
  13 orc knights
  3 shambling mangroves
  16 ironbrand convokers
  5 harpies (Vaults:5)
  Pikel (D:6)
  3 phantasmal warriors
  14 orb spiders
  A lindwurm (Lair:6)
  5 flayed ghosts
  12 deep elf magi
  2 orc sorcerers
  47 ugly things
  33 wolf spiders
  5 manticores
  4 cyclopes
  A centaur zombie (D:15)
  A fire giant skeleton (Vaults:3)
  19 moths of wrath
  5 human skeletons
  2 rust devils (Depths:1)
  20 vault sentinels
  2 guardian serpents (shapeshifter)
  A guardian serpent (Abyss:5)
  14 elephants
  A stone giant skeleton (Vaults:3)
  4 smoke demons
  17 spiny frogs
  8 torpor snails
  3 black mambas
  2 gargoyles
  4 freezing wraiths
  A spiny frog (shapeshifter) (Vaults:3)
  2 kobold demonologists
  3 rime drakes (Lair:6)
  2 tormentors (Depths:1)
  An ice devil (Zot:5)
  38 yaktaurs
  3 ancient zymes
  2 yaktaur skeletons
  6 komodo dragons
  2 hellwings
  12 demonic crawlers
  2 red devils
  46 jumping spiders
  A tengu conjurer (Depths:2)
  4 trolls
  2 polar bears
  6 tyrant leeches
  29 hornets
  4 raiju
  6 bog bodies
  Grinder (D:6)
  9 slime creatures
  A dream sheep (shapeshifter) (Vaults:5)
  25 blink frogs
  21 dream sheep
  10 hippogriffs
  33 tarantellas
  2 shadows
  2 ynoxinuls
  4 ettin skeletons (Vaults:3)
  99 redbacks
  A tarantella (shapeshifter) (Vaults:3)
  9 water elementals
  36 yaks
  An elf simulacrum (Vaults:5)
  4 spriggans
  3 wyverns
  A centaur simulacrum (D:15)
  A shapeshifter (Vaults:3)
  3 basilisks
  A wraith (D:10)
  A chaos spawn (Depths:1)
  4 hungry ghosts
  A steam dragon (Lair:6)
  2 neqoxecs (Abyss:5)
  A warg (Vaults:2)
  4 vampire mosquitoes
  A soldier ant (shapeshifter) (Vaults:4)
  7 swamp worms
  A naga (shapeshifter) (Vaults:3)
  A soldier ant (D:14)
  2 nagas (Abyss:5)
  5 acid dragons
  2 hell hounds
  10 water moccasins
  11 porcupines
  A floating eye (shapeshifter) (Depths:1)
  2 ice beasts
  9 swamp drakes
  A black bear (Lair:4)
  21 orc warriors
  6 sky beasts
  A sky beast (shapeshifter) (Vaults:5)
  A slave (D:6)
  A necrophage (D:13)
  19 ogres
  2 eyes of draining
  4 phantoms
  5 wolves (Lair:1)
  3 boggarts (Vaults:1)
  15 centaurs
  2 elf skeletons (Vaults:3)
  17 crocodiles
  Blork the orc (D:6)
  2 big kobolds (D:13)
  19 bullfrogs
  6 scorpions
  19 wights
  4 howler monkeys
  6 electric eels
  5 crimson imps
  4 hounds
  An iron imp (Zot:4)
  A bullfrog skeleton (D:4)
  2 orc priests
  4 jellies
  21 orc wizards
  4 centaur skeletons
  5 iguanas
  8 worker ants
  A hound skeleton (D:9)
  A worker ant zombie (D:11)
  4 gnolls (D:9)
  6 adders
  A river rat (D:9)
  4 shadow imps
  A white imp (D:9)
  2 oozes
  3 adder skeletons
  4 leopard geckos
  57 orcs
  A giant cockroach (D:1)
  2 goblins (D:1)
  2 hobgoblins
  5 jackals
  4 kobolds (D:13)
  6 quokkas
  3 bats
  4 frilled lizards
  2 rats
  5 crawling corpses
  13 fungi
  9 plants
1716 creatures vanquished.

Vanquished Creatures (others)
  A golden dragon (Zot:2)
  An Orb Guardian (Zot:5)
  A storm dragon (Zot:2)
  A tengu reaver (Depths:2)
  A fire giant (Depths:5)
  3 stone giants
  2 black draconians (Zot:2)
  An ettin (Depths:3)
  A yaktaur captain (Vaults:5)
  A great orb of eyes (Depths:1)
  A two-headed ogre (D:14)
  A centaur warrior (Depths:2)
  A shock serpent (Zot:2)
  2 sixfirhies
  A shadow wraith (Vaults:4)
  An orb spider (Spider:1)
  2 wolf spiders
  A cyclops (D:15)
  A moth of wrath (Zot:5)
  A freezing wraith (Vaults:4)
  6 yaktaurs
  2 demonic crawlers
  A red devil (Depths:1)
  A jumping spider (Spider:4)
  A hornet (Spider:2)
  A hippogriff (Lair:2)
  A blink frog (Swamp:4)
  A dream sheep (Lair:3)
  4 redbacks
  A tarantella (Spider:1)
  A chaos spawn (Abyss:5)
  A slave (D:6)
  An orc warrior (Vaults:4)
  An ogre (Vaults:5)
  A wight (D:12)
  A worker ant (D:9)
  A shadow imp (Zot:5)
  6 orcs
  A bush (D:6)
  A crawling corpse (Vaults:2)
  37 fungi
  5 plants (Lair:6)
101 creatures vanquished.

Grand Total: 1817 creatures vanquished

Notes
Turn   | Place    | Note
-------+----------+-------------------------------------------
     0 | D:1      | dstrtnsr the Troll Fighter began the quest for the Orb.
     0 | D:1      | Reached XP level 1. HP: 22/22 MP: 0/0
   206 | D:1      | Reached XP level 2. HP: 25/29 MP: 1/1
   366 | D:3      | Reached XP level 3. HP: 36/36 MP: 2/2
   438 | D:3      | Reached skill level 3 in Unarmed Combat
   517 | D:4      | Reached XP level 4. HP: 44/44 MP: 3/3
   639 | D:4      | Noticed a phantom
   648 | D:4      | Killed a phantom
   648 | D:4      | Reached skill level 4 in Unarmed Combat
   648 | D:4      | Reached XP level 5. HP: 46/53 MP: 4/4
  1067 | D:5      | Entered Level 5 of the Dungeon
  1108 | D:5      | Reached XP level 6. HP: 59/61 MP: 5/5
  1142 | D:5      | Reached skill level 5 in Unarmed Combat
  1165 | D:5      | HP: 24/61 [poisoned by an orc wizard]
  1170 | D:5      | HP: 24/62 [poisoned by an orc wizard]
  1176 | D:5      | HP: 23/62 [poisoned by an orc wizard]
  1183 | D:5      | HP: 24/62 [poisoned by an orc wizard]
  1442 | D:5      | Found a staircase to the Ecumenical Temple.
  1471 | Temple   | Entered the Ecumenical Temple
  1490 | Temple   | Became a worshipper of Ru the Awakened
  1715 | D:6      | Noticed dstrtnsr's ghost (novice TrFi)
  1729 | D:6      | Noticed Blork the orc
  1741 | D:6      | HP: 17/62 [Blork the orc/puff of flame (8)]
  1742 | D:6      | Killed Blork the orc
  1742 | D:6      | Reached XP level 7. HP: 19/68 MP: 6/6
  1746 | D:6      | HP: 12/68 [poisoned by a worker ant]
  1751 | D:6      | HP: 10/68 [poisoned by a worker ant]
  1757 | D:6      | HP: 9/68 [poisoned by a worker ant]
  1763 | D:6      | HP: 10/70 [poisoned by a worker ant]
  1769 | D:6      | HP: 12/70 [poisoned by a worker ant]
  1776 | D:6      | HP: 14/70 [poisoned by a worker ant]
  2039 | D:6      | Noticed Pikel
  2059 | D:6      | Killed Pikel
  2059 | D:6      | Reached skill level 6 in Unarmed Combat
  2059 | D:6      | Reached XP level 8. HP: 66/79 MP: 7/7
  2125 | D:6      | Noticed Grinder
  2149 | D:6      | Killed Grinder
  2149 | D:6      | Reached skill level 7 in Unarmed Combat
  2178 | D:6      | HP: 26/79 [dstrtnsr's ghost (20)]
  2190 | D:6      | HP: 25/79 [dstrtnsr's ghost (9)]
  2291 | D:7      | Found Vihoeras's Gadget Shop.
  2432 | D:7      | Reached skill level 5 in Fighting
  2432 | D:7      | Reached skill level 5 in Shields
  2504 | D:7      | Reached skill level 8 in Unarmed Combat
  2709 | D:7      | Reached XP level 9. HP: 65/88 MP: 8/8
  2726 | D:7      | Gained mutation: You are somewhat inexperienced. (-2 XL) [Ru sacrifice]
  2726 | D:7      | Reached XP level 8. HP: 75/81 MP: 7/7
  2726 | D:7      | Reached XP level 7. HP: 72/72 MP: 6/6
  2726 | D:7      | Reached * piety under Ru
  2726 | D:7      | Reached ** piety under Ru
  3170 | D:7      | Noticed Jessica
  3193 | D:8      | Reached skill level 9 in Unarmed Combat
  3374 | D:8      | Reached XP level 8. HP: 83/83 MP: 7/7
  3393 | D:8      | Noticed a hippogriff
  3398 | D:8      | Killed a hippogriff
  3531 | D:8      | HP: 33/83 [something (8)]
  3532 | D:8      | Noticed an unseen horror
  3534 | D:8      | Killed an unseen horror
  3534 | D:8      | Reached skill level 10 in Unarmed Combat
  3534 | D:8      | Reached XP level 9. HP: 38/91 MP: 8/8
  3721 | D:8      | Found a sparkling altar of Nemelex Xobeh.
  3965 | D:8      | Found a bloodstained altar of Trog.
  4092 | D:9      | Noticed a polar bear
  4104 | D:9      | Killed a polar bear
  4280 | D:9      | HP: 25/92 [/a scroll of torment (23)]
  4739 | D:9      | Reached skill level 11 in Unarmed Combat
  4856 | D:9      | Gained mutation: You cannot study or use magical devices. [Ru sacrifice]
  4856 | D:9      | Reached *** piety under Ru
  4856 | D:9      | Reached **** piety under Ru
  4905 | D:9      | Reached XP level 10. HP: 80/100 MP: 9/9
  5190 | D:10     | Entered Level 10 of the Dungeon
  5926 | D:11     | Noticed Sonja
  6005 | D:11     | Noticed a two-headed ogre
  6013 | D:11     | Killed a two-headed ogre
  6016 | D:11     | HP: 61/153 [poisoned by Sonja (curare-tipped needle)]
  6019 | D:11     | Killed Sonja
  6019 | D:11     | Reached skill level 12 in Unarmed Combat
  6021 | D:11     | HP: 44/153 [poisoned by Sonja]
  6025 | D:11     | HP: 20/102 [poisoned by Sonja]
  6030 | D:11     | HP: 13/102 [poisoned by Sonja]
  6035 | D:10     | HP: 12/102 [poisoned by Sonja]
  6040 | D:10     | HP: 15/102 [poisoned by Sonja]
  6045 | D:10     | HP: 20/102 [poisoned by Sonja]
  6052 | D:10     | HP: 28/102 [poisoned by Sonja]
  6139 | D:11     | Noticed a deep elf mage
  6153 | D:11     | Killed a deep elf mage
  6205 | D:11     | Noticed a two-headed ogre
  6213 | D:11     | Killed a two-headed ogre
  6216 | D:11     | Found a bloodstained altar of Trog.
  6227 | D:11     | Noticed an eight-headed hydra
  6304 | D:10     | Reached XP level 11. HP: 76/111 MP: 6/10
  6388 | D:11     | Noticed a cyan ugly thing
  6398 | D:11     | Killed a red ugly thing
  6487 | D:11     | Found a staircase to the Lair.
  6534 | D:11     | Gained mutation: You cannot be stealthy. [Ru sacrifice]
  6534 | D:11     | Reached ***** piety under Ru
  6554 | Lair:1   | Entered Level 1 of the Lair of Beasts
  7033 | Lair:1   | Reached skill level 13 in Unarmed Combat
  7106 | Lair:1   | Noticed Harold
  7118 | Lair:1   | Killed Harold
  7343 | Lair:2   | HP: 45/113 [blink frog (10)]
  7348 | Lair:2   | HP: 34/113 [poisoned by a black mamba]
  7353 | Lair:2   | HP: 21/113 [poisoned by a black mamba]
  7358 | Lair:2   | HP: 20/113 [poisoned by a black mamba]
  7365 | Lair:2   | HP: 25/113 [poisoned by a black mamba]
  7365 | Lair:2   | HP: 11/113 [komodo dragon (14)]
  7372 | Lair:1   | HP: 17/113 [poisoned by a black mamba]
  7380 | Lair:1   | HP: 24/113 [poisoned by a black mamba]
  7741 | Lair:2   | Reached XP level 12. HP: 91/122 MP: 11/11
  7834 | Lair:2   | Reached skill level 14 in Unarmed Combat
  7849 | Lair:2   | Gained mutation: You cannot study or cast Earth magic. [Ru sacrifice]
  7849 | Lair:2   | Gained mutation: You cannot study or cast Necromancy magic. [Ru sacrifice]
  7849 | Lair:2   | Gained mutation: You cannot study or cast Translocations magic. [Ru sacrifice]
  9667 | Lair:4   | Noticed Nessos
  9675 | Lair:4   | Killed Nessos
  9689 | Lair:4   | Reached skill level 15 in Unarmed Combat
  9712 | Lair:4   | HP: 50/126 [yak (9)]
  9717 | Lair:4   | HP: 46/126 [poisoned by a black mamba]
  9722 | Lair:4   | HP: 45/126 [poisoned by a black mamba]
  9727 | Lair:4   | HP: 47/126 [poisoned by a black mamba]
  9732 | Lair:4   | HP: 49/126 [poisoned by a black mamba]
  9876 | Lair:4   | Lost intelligence.
  9992 | Lair:4   | Noticed a five-headed hydra
  9999 | Lair:4   | Killed a six-headed hydra
 10105 | Lair:4   | Found a staircase to the Swamp.
 10188 | Lair:4   | HP: 46/126 [jumping spider (6)]
 10193 | Lair:4   | HP: 44/126 [poisoned by a wolf spider]
 10198 | Lair:4   | HP: 43/126 [poisoned by a wolf spider]
 10203 | Lair:4   | HP: 44/126 [poisoned by a wolf spider]
 10208 | Lair:4   | HP: 46/126 [poisoned by a wolf spider]
 10217 | Lair:4   | HP: 49/126 [jumping spider (4)]
 10296 | Lair:4   | Found a hole to the Spider Nest.
 10598 | Lair:5   | Noticed a seven-headed hydra
 10604 | Lair:5   | Killed an eight-headed hydra
 10604 | Lair:5   | Reached XP level 13. HP: 133/133 MP: 3/12
 10713 | Lair:5   | Noticed dstrtnsr's ghost (journeyman TrFi)
 10738 | Lair:5   | Killed dstrtnsr's ghost
 10814 | Lair:5   | Reached skill level 10 in Shields
 10830 | Lair:5   | Reached skill level 10 in Fighting
 11143 | Lair:5   | Found a viscous altar of Jiyva.
 11150 | Lair:5   | Found a staircase to the Slime Pits.
 11540 | Lair:6   | Entered Level 6 of the Lair of Beasts
 11726 | Lair:6   | HP: 47/133 [nine-headed hydra (8)]
 11918 | Lair:6   | Reached skill level 16 in Unarmed Combat
 12212 | Lair:6   | Noticed a fire dragon
 12218 | Lair:6   | Killed a fire dragon
 12429 | Lair:6   | Reached XP level 14. HP: 132/144 MP: 13/13
 12702 | Lair:6   | Found a runed door.
 13480 | Spider:1 | Entered Level 1 of the Spider Nest
 13490 | Spider:1 | Reached skill level 17 in Unarmed Combat
 13599 | Spider:1 | Noticed Asterion
 13623 | Spider:1 | HP: 47/146 [green death[Asterion] (13)]
 13628 | Spider:1 | HP: 31/146 [poisoned by a green death (poison arrow)]
 13628 | Spider:1 | HP: 15/146 [moth of wrath (16)]
 13633 | Spider:1 | HP: 10/219 [poisoned by a green death (poison arrow)]
 13638 | Spider:1 | HP: 5/146 [poisoned by a green death (poison arrow)]
 13643 | Spider:1 | HP: 6/146 [poisoned by a green death (poison arrow)]
 13648 | Spider:1 | HP: 9/146 [poisoned by a green death (poison arrow)]
 13654 | Spider:1 | HP: 16/146 [poisoned by a green death (poison arrow)]
 13659 | Spider:1 | HP: 23/146 [poisoned by a green death (poison arrow)]
 13881 | Spider:2 | Noticed an entropy weaver
 13987 | Spider:2 | Killed an entropy weaver
 14094 | Spider:1 | HP: 55/146 [redback (5)]
 14099 | Spider:1 | HP: 41/146 [poisoned by a redback]
 14104 | Spider:1 | HP: 37/146 [poisoned by a redback]
 14109 | Spider:1 | HP: 38/146 [poisoned by a redback]
 14114 | Spider:1 | HP: 40/146 [poisoned by a redback]
 14119 | Spider:1 | HP: 44/146 [poisoned by a redback]
 14124 | Spider:1 | HP: 47/146 [poisoned by a redback]
 14132 | Spider:1 | HP: 54/146 [poisoned by a redback]
 14267 | Spider:1 | HP: 58/146 [poisoned by a wolf spider]
 14270 | Spider:1 | Reached skill level 1 in Armour
 14556 | Spider:1 | HP: 57/146 [Asterion/broad axe of electrocution (4)]
 14559 | Spider:1 | Killed Asterion
 14741 | Spider:1 | Noticed an entropy weaver
 14752 | Spider:1 | Killed an entropy weaver
 14798 | Spider:2 | Reached skill level 18 in Unarmed Combat
 14822 | Spider:2 | HP: 86/222 [redback (5)]
 14829 | Spider:2 | HP: 82/222 [something (5)]
 14832 | Spider:2 | Reached XP level 15. HP: 87/156 MP: 1/14
 14838 | Spider:2 | Killed a ghost moth
 14843 | Spider:2 | Gained mutation: Potions are less effective at restoring your health. [Ru sacrifice]
 14843 | Spider:2 | Reached ****** piety under Ru
 15160 | Spider:2 | HP: 61/156 [redback (12)]
 15165 | Spider:2 | HP: 37/156 [poisoned by a redback]
 15170 | Spider:2 | HP: 25/156 [poisoned by a redback]
 15175 | Spider:2 | HP: 23/156 [poisoned by a redback]
 15180 | Spider:2 | HP: 16/156 [poisoned by a redback]
 15185 | Spider:2 | HP: 13/156 [poisoned by a redback]
 15190 | Spider:2 | HP: 12/156 [poisoned by a redback]
 15195 | Spider:2 | HP: 13/156 [poisoned by a redback]
 15200 | Spider:2 | HP: 16/156 [poisoned by a redback]
 15207 | Spider:2 | HP: 21/156 [poisoned by a redback]
 15214 | Spider:2 | HP: 27/156 [poisoned by a redback]
 15222 | Spider:2 | HP: 35/156 [poisoned by a redback]
 15775 | Spider:3 | Reached skill level 1 in Spellcasting
 16001 | Spider:4 | Entered Level 4 of the Spider Nest
 16750 | Spider:4 | Reached skill level 19 in Unarmed Combat
 16808 | Spider:4 | Noticed a ghost moth
 16816 | Spider:4 | Killed a ghost moth
 17014 | Spider:4 | Reached XP level 16. HP: 166/166 MP: 20/20
 17014 | Spider:4 | Reached skill level 5 in Armour
 17061 | Spider:4 | Got a gossamer rune of Zot
 17235 | Swamp:1  | Entered Level 1 of the Swamp
 17598 | Swamp:4  | Entered Level 4 of the Swamp
 17714 | Swamp:4  | Noticed a thorn hunter
 17720 | Swamp:4  | Killed a thorn hunter
 17785 | Swamp:4  | HP: 62/167 [spriggan rider/spear (15)]
 17793 | Swamp:4  | HP: 51/167 [spriggan rider/spear (15)]
 17944 | Swamp:4  | Noticed Roxanne
 18463 | Swamp:4  | HP: 60/167 [eight-headed hydra (9)]
 18463 | Swamp:4  | Paralysed by a hornet for 3 turns
 18885 | D:12     | Reached skill level 20 in Unarmed Combat
 18970 | D:12     | You fall through a shaft for 2 floors!
 19155 | D:14     | Noticed Louise
 19157 | D:14     | Cast into level 3 of the Abyss (Louise)
 19182 | D:14     | Escaped the Abyss
 19204 | D:14     | Killed Louise
 19299 | D:14     | Found a gate to the Vaults.
 19416 | D:14     | HP: 51/169 [??? (49)]
 19982 | D:15     | Entered Level 15 of the Dungeon
 19993 | D:15     | Reached XP level 17. HP: 153/176 MP: 22/22
 20247 | D:15     | Found a staircase to the Depths.
 20302 | D:15     | HP: 64/178 [something/shard of ice (35)]
 20837 | D:13     | Found a portal to a secret trove of treasure.
 21745 | Swamp:4  | Got a decaying rune of Zot
 22150 | Vaults:1 | Entered Level 1 of the Vaults
 22228 | Vaults:1 | HP: 65/178 [deep troll[an ironheart preserver] (15)]
 22629 | Vaults:1 | Paralysed by a sphinx for 3 turns
 22645 | Vaults:1 | HP: 66/178 [two-headed ogre/giant spiked club (20)]
 22645 | Vaults:1 | HP: 32/178 [ogre mage/crystal spear (34)]
 22701 | Vaults:1 | HP: 70/178 [orc knight/great mace (6)]
 22707 | Vaults:1 | HP: 69/178 [green ugly thing (5)]
 22714 | Vaults:1 | HP: 57/178 [green ugly thing (16)]
 23168 | Vaults:1 | Noticed Aizul
 23178 | Vaults:1 | Killed Aizul
 23184 | Vaults:1 | Reached skill level 21 in Unarmed Combat
 23250 | Vaults:1 | HP: 57/179 [two-headed ogre/giant spiked club (17)]
 23257 | Vaults:1 | HP: 51/179 [two-headed ogre/giant spiked club (10)]
 24101 | Vaults:1 | HP: 69/179 [tengu reaver/bolt of lightning (19)]
 24108 | Vaults:1 | HP: 44/179 [tengu reaver/vampiric broad axe (1)]
 24311 | Vaults:2 | Reached XP level 18. HP: 183/188 MP: 23/23
 24312 | Vaults:2 | Paralysed by an ogre mage for 4 turns
 24393 | Vaults:2 | HP: 75/189 [poisoned by a wolf spider]
 24398 | Vaults:1 | HP: 54/189 [poisoned by a wolf spider]
 24404 | Vaults:1 | HP: 53/189 [poisoned by a wolf spider]
 24410 | Vaults:1 | HP: 54/189 [poisoned by a wolf spider]
 24417 | Vaults:1 | HP: 57/189 [poisoned by a wolf spider]
 24424 | Vaults:1 | HP: 60/189 [poisoned by a wolf spider]
 24432 | Vaults:1 | HP: 65/189 [poisoned by a wolf spider]
 25238 | Vaults:2 | Found Qarien's Assorted Antiques.
 25547 | Vaults:2 | Found Xeefaytt's Antique Armour Shoppe.
 25659 | Vaults:2 | Found Seegrad's Assorted Antiques.
 25693 | Vaults:2 | Bought a fine golden ring for 135 gold pieces
 25693 | Vaults:2 | Bought a lumpy jasper amulet for 135 gold pieces
 25693 | Vaults:2 | Bought a runed scarf for 216 gold pieces
 25694 | Vaults:2 | Identified the ring of Lies {rF+ MR+} (You bought it in a shop on level 2 of the Vaults)
 25809 | Vaults:3 | Noticed a lich
 25812 | Vaults:3 | Killed a lich
 25897 | Vaults:3 | Reached skill level 22 in Unarmed Combat
 26058 | Vaults:3 | Found Xeicas's Armour Emporium.
 26272 | Vaults:3 | Found Naryser's Armour Shop.
 26311 | Vaults:3 | Reached XP level 19. HP: 100/198 MP: 24/24
 26556 | Vaults:3 | Found Vyesh's Antique Weapon Shoppe.
 26558 | Vaults:3 | Found Kamar's Magic Scroll Shoppe.
 26566 | Vaults:3 | Bought a scroll of teleportation for 60 gold pieces
 26566 | Vaults:3 | Bought a scroll of enchant armour for 150 gold pieces
 26566 | Vaults:3 | Bought a scroll of teleportation for 60 gold pieces
 26566 | Vaults:3 | Bought a scroll of blinking for 150 gold pieces
 26566 | Vaults:3 | Bought a scroll of immolation for 70 gold pieces
 26668 | Vaults:3 | Reached skill level 10 in Armour
 27094 | Vaults:3 | Found a staircase to the Crypt.
 27166 | Vaults:3 | Found Zazetebb's Armour Shop.
 27819 | Vaults:4 | Found Piehiegy's Antique Weapon Shop.
 28565 | Vaults:4 | HP: 72/200 [vault guard/war axe of electrocution[a vault warden] (19)]
 28835 | Vaults:5 | Entered Level 5 of the Vaults
 28837 | Vaults:5 | Reached skill level 15 in Fighting
 28837 | Vaults:5 | Reached skill level 23 in Unarmed Combat
 29060 | Vaults:5 | Reached XP level 20. HP: 210/210 MP: 25/25
 29117 | Vaults:5 | Noticed an ancient lich
 29130 | Vaults:5 | Paralysed by an ancient lich for 2 turns
 29134 | Vaults:5 | Killed an ancient lich
 29232 | Vaults:5 | Noticed an ancient lich
 29239 | Vaults:5 | Killed an ancient lich
 29266 | Vaults:5 | Noticed an ancient lich
 29278 | Vaults:5 | Killed an ancient lich
 29535 | Vaults:5 | Found the +8 glaive of the Guard {elec, +Rage AC+5 SInv}
 29618 | Vaults:5 | Noticed a golden dragon
 29625 | Vaults:5 | HP: 84/211 [golden dragon/bolt of cold (25)]
 29630 | Vaults:5 | HP: 53/211 [golden dragon] (2)]
 29634 | Vaults:5 | HP: 26/211 [poisoned by a golden dragon (blast of poison)]
 29639 | Vaults:5 | HP: 73/211 [poisoned by a golden dragon (blast of poison)]
 29640 | Vaults:5 | Killed a golden dragon
 29644 | Vaults:5 | HP: 60/211 [tengu reaver/bolt of magma (11)]
 29646 | Vaults:5 | HP: 28/211 [tengu reaver/war axe of chopping (6)]
 29652 | Vaults:5 | HP: 26/211 [poisoned by a golden dragon (blast of poison)]
 29657 | Vaults:5 | HP: 25/211 [poisoned by a golden dragon (blast of poison)]
 29662 | Vaults:5 | HP: 24/211 [poisoned by a golden dragon (blast of poison)]
 29667 | Vaults:5 | HP: 24/211 [poisoned by a golden dragon (blast of poison)]
 29672 | Vaults:5 | HP: 25/211 [poisoned by a golden dragon (blast of poison)]
 29677 | Vaults:5 | HP: 25/211 [poisoned by a golden dragon (blast of poison)]
 29685 | Vaults:5 | HP: 27/211 [poisoned by a golden dragon (blast of poison)]
 29690 | Vaults:5 | HP: 29/211 [poisoned by a golden dragon (blast of poison)]
 29696 | Vaults:5 | HP: 32/211 [poisoned by a golden dragon (blast of poison)]
 29701 | Vaults:5 | HP: 34/211 [poisoned by a golden dragon (blast of poison)]
 29961 | Vaults:5 | Reached skill level 24 in Unarmed Combat
 30109 | Vaults:5 | Reached XP level 21. HP: 162/221 MP: 24/26
 30193 | Vaults:5 | HP: 87/221 [shadow dragon (7)]
 30249 | Vaults:5 | HP: 88/222 [titan/bolt of lightning (22)]
 30255 | Vaults:5 | HP: 67/222 [titan (25)]
 30261 | Vaults:5 | HP: 55/222 [deep elf knight/shard of ice (17)]
 30492 | Vaults:5 | Noticed a golden dragon
 30497 | Vaults:5 | Noticed a golden dragon
 30498 | Vaults:5 | Killed a golden dragon
 30522 | Vaults:5 | Killed a golden dragon
 30711 | Vaults:5 | Noticed a golden dragon
 30723 | Vaults:5 | Noticed a golden dragon
 30723 | Vaults:5 | a quicksilver dragon changed into a golden dragon
 30725 | Vaults:5 | Killed a golden dragon
 30725 | Vaults:5 | a golden dragon changed into an iron dragon
 30744 | Vaults:5 | Got a silver rune of Zot
 30974 | Depths:1 | Entered Level 1 of the Depths
 31045 | Depths:1 | Found a gateway to Hell.
 31285 | Depths:2 | Noticed Bai Suzhen
 31294 | Depths:2 | Killed Bai Suzhen
 31558 | Depths:2 | HP: 81/223 [ice dragon/blast of cold (9)]
 31563 | Depths:2 | HP: 44/223 [poisoned by a merfolk impaler]
 31569 | Depths:2 | HP: 45/223 [poisoned by a merfolk impaler]
 31574 | Depths:2 | HP: 47/223 [poisoned by a merfolk impaler]
 31581 | Depths:2 | HP: 51/223 [poisoned by a merfolk impaler]
 31589 | Depths:2 | HP: 56/223 [poisoned by a merfolk impaler]
 31598 | Depths:2 | HP: 62/223 [wizard/fireball (2)]
 31678 | Depths:2 | HP: 68/223 [tengu reaver/bolt of poison (29)]
 31682 | Depths:2 | HP: 30/223 [tengu reaver/bolt of acid (18)]
 31687 | Depths:2 | HP: 22/223 [poisoned by a tengu reaver (bolt of poison)]
 31693 | Depths:2 | HP: 21/223 [poisoned by a tengu reaver (bolt of poison)]
 31698 | Depths:2 | HP: 21/223 [poisoned by a tengu reaver (bolt of poison)]
 31703 | Depths:2 | HP: 22/223 [poisoned by a tengu reaver (bolt of poison)]
 31708 | Depths:2 | HP: 23/223 [poisoned by a tengu reaver (bolt of poison)]
 31714 | Depths:1 | HP: 25/223 [poisoned by a tengu reaver (bolt of poison)]
 31719 | Depths:1 | HP: 27/223 [poisoned by a tengu reaver (bolt of poison)]
 31725 | Depths:1 | HP: 29/223 [poisoned by a tengu reaver (bolt of poison)]
 31731 | Depths:1 | HP: 32/223 [poisoned by a tengu reaver (bolt of poison)]
 31736 | Depths:1 | HP: 35/223 [poisoned by a tengu reaver (bolt of poison)]
 32023 | Depths:2 | Reached skill level 25 in Unarmed Combat
 32091 | Depths:2 | Noticed a caustic shrike
 32095 | Depths:2 | Killed a caustic shrike
 32095 | Depths:2 | Reached skill level 15 in Shields
 32523 | Depths:3 | HP: 89/223 [spark wasp (15)]
 32525 | Depths:3 | Reached XP level 22. HP: 94/234 MP: 27/27
 32937 | Depths:4 | Noticed Xtahua
 32942 | Depths:4 | Paralysed by Xtahua for 5 turns
 32953 | Depths:4 | Killed Xtahua
 32980 | Depths:3 | HP: 80/234 [fire giant/bolt of fire (17)]
 33385 | Depths:5 | Entered Level 5 of the Depths
 33785 | Depths:5 | Noticed a golden dragon
 33799 | Depths:5 | Killed a golden dragon
 33897 | Depths:5 | Reached skill level 26 in Unarmed Combat
 33920 | Depths:5 | Found a gate to the Realm of Zot.
 34153 | Zot:1    | Entered Level 1 of the Realm of Zot
 34396 | Zot:1    | Noticed a curse toe
 34891 | Zot:2    | Identified a scroll of acquirement
 34893 | Zot:2    | Got an ancient hat
 34913 | Zot:2    | Identified the -5 hat of Gravity {rElec rF- Dex+10} (You acquired it on level 2 of the Realm of Zot)
 34952 | Zot:2    | Noticed a golden dragon
 34952 | Zot:2    | Noticed a curse toe
 34955 | Zot:2    | Killed a curse toe
 34957 | Zot:2    | Killed a golden dragon
 35088 | Zot:2    | Noticed a golden dragon
 35118 | Zot:2    | Killed a golden dragon
 35118 | Zot:2    | Reached XP level 23. HP: 125/244 MP: 28/28
 35272 | Zot:2    | Noticed an orb of fire
 35272 | Zot:2    | Gained mutation: [You are dopey. (Int -2)] [an orb of fire]
 35276 | Zot:2    | Killed an orb of fire
 35832 | Zot:3    | HP: 53/245 [black draconian/bolt of lightning (51)]
 35989 | Zot:3    | Reached skill level 5 in Dodging
 36314 | Zot:4    | Reached skill level 27 in Unarmed Combat
 36362 | Zot:5    | Entered Level 5 of the Realm of Zot
 36769 | Zot:5    | Noticed an ancient lich
 36780 | Zot:5    | Killed an ancient lich
 36901 | Zot:5    | Noticed an ancient lich
 36902 | Zot:5    | Noticed an ancient lich
 36917 | Zot:5    | Killed an ancient lich
 36921 | Zot:5    | Killed an ancient lich
 36921 | Zot:5    | Reached XP level 24. HP: 217/258 MP: 28/28
 37266 | Zot:5    | Noticed an ancient lich
 37269 | Zot:5    | Killed an ancient lich
 37437 | Zot:5    | Noticed an orb of fire
 37438 | Zot:5    | Gained mutation: [Your magical capacity is low. (-10% MP)] [an orb of fire]
 37462 | Zot:5    | Killed an orb of fire
 37462 | Zot:5    | Reached skill level 10 in Dodging
 37516 | Zot:5    | Noticed an orb of fire
 37520 | Zot:5    | Gained mutation: Your skin changes colour to match your surroundings (Stealth+). [an orb of fire]
 37535 | Zot:5    | Killed an orb of fire
 37728 | Zot:5    | Got the Orb of Zot
 37805 | Zot:5    | HP: 98/262 [shadow dragon (8)]
 37811 | Zot:5    | Upgraded the game from 0.22-a0-407-gb098539 to 0.22-a0-409-gb855193
 37811 | Zot:5    | HP: 79/262 [poisoned by a green death (bolt of poison)]
 37816 | Zot:5    | HP: 45/262 [smoke demon/divine providence (11)]
 37821 | Zot:5    | HP: 65/262 [smoke demon/sticky flame (2)]
 37826 | Zot:5    | HP: 77/262 [poisoned by a green death (bolt of poison)]
 37831 | Zot:5    | HP: 57/262 [poisoned by a green death (bolt of poison)]
 37839 | Zot:5    | HP: 64/262 [poisoned by a green death (bolt of poison)]
 37845 | Zot:5    | HP: 65/262 [red devil/trident (7)]
 37867 | Zot:5    | HP: 82/262 [soul eater/drain life (11)]
 37873 | Zot:5    | HP: 27/262 [Orb Guardian (20)]
 37932 | Zot:2    | HP: 105/263 [lightning spire/bolt of electricity (7)]
 37937 | Zot:3    | HP: 73/263 [black draconian monk (4)]
 37943 | Zot:3    | HP: 54/394 [black draconian monk/bolt of lightning (29)]
 37951 | Zot:3    | HP: 58/394 [storm dragon (1)]
 38037 | Zot:3    | HP: 84/263 [??? (81)]
 38045 | Zot:3    | HP: 82/263 [white draconian/chilling blast (7)]
 38052 | Zot:3    | HP: 85/263 [white draconian/chilling blast (4)]
 38058 | Zot:3    | HP: 86/263 [white draconian/chilling blast (4)]
 38126 | Zot:3    | HP: 94/263 [Hell Sentinel/iron shot (61)]
 38131 | Zot:3    | HP: 69/263 [poisoned by a green draconian (blast of poison)]
 38139 | Zot:3    | HP: 65/263 [raiju/living lightning (11)]
 38143 | Zot:3    | Reached XP level 25. HP: 62/273 MP: 22/25
 38179 | Zot:3    | HP: 89/273 [soul eater/drain life (14)]
 38198 | Zot:3    | HP: 96/273 [black draconian monk/bolt of lightning (20)]
 38310 | Zot:1    | HP: 107/273 [acid (13)]
 38318 | Depths:5 | HP: 102/273 [yellow draconian/hand axe of flaming (1)]
 38425 | Depths:5 | Noticed an ancient lich
 38431 | Depths:5 | Killed an ancient lich
 38433 | Depths:5 | Noticed Pioq the pandemonium lord
 38474 | Depths:1 | Found a gateway to a ziggurat.
 38481 | Depths:1 | Found a shimmering altar of Xom.
 38483 | Depths:1 | Found a sparkling altar of Nemelex Xobeh.
 38483 | Depths:1 | Found a deep blue altar of Sif Muna.
 38485 | Depths:1 | Found a hazy altar of Hepliaklqana.
 38485 | Depths:1 | Found a shadowy altar of Dithmenos.
 38485 | Depths:1 | Found a radiant altar of Vehumet.
 38611 | Depths:1 | Noticed Qystua the pandemonium lord
 38619 | Depths:1 | Paralysed by a floating eye for 2 turns
 38629 | Depths:1 | Noticed Xatoff the pandemonium lord
 38633 | Depths:1 | Cast into level 5 of the Abyss (Xatoff)
 38633 | Abyss:5  | Entered Level 5 of the Abyss
 38651 | Abyss:5  | Found a corrupted altar of Lugonu.
 38659 | Abyss:5  | Fell from the grace of Ru
 38659 | Abyss:5  | Became a worshipper of Lugonu the Unformed
 38659 | Abyss:5  | Reached * piety under Lugonu
 38738 | Depths:1 | Escaped the Abyss
 38967 | Depths:1 | Noticed Saraodgh the pandemonium lord
 38971 | Depths:1 | HP: 102/275 [Xatoff the pandemonium lord (33)]
 38971 | Depths:1 | Cast into level 5 of the Abyss (Xatoff)
 38971 | Abyss:5  | Entered Level 5 of the Abyss
 39009 | Abyss:5  | Gained mutation: [You tend to lose your temper in combat.] [a neqoxec]
 39014 | Abyss:5  | Gained mutation: [You are frail. (-10% HP)] [a neqoxec]
 39146 | Depths:1 | Escaped the Abyss
 39146 | Depths:1 | HP: 71/192 [Xatoff the pandemonium lord (25)]
 39150 | Depths:1 | HP: 30/192 [Tzitzimitl/bolt of cold[Saraodgh] (12)]
 39151 | Depths:1 | Killed from afar by a Tzitzimitl

Vault maps used:
D:1:      minmay_arrival_arboretum_large
D:2:      tso_metal_star
D:3:      minmay_diamond_boxcup, chequers_ecumenical_altar_island
D:4:      first_ration, dk_noncrumbling_3
D:5:      minmay_temple_entry_overgrown, uniq_duvessa
D:6:      kennysheep_mini_moat, gammafunk_temple_overflow_forgotten,
          minmay_hedge_maze, uniq_grinder, uniq_eustachio, uniq_pikel,
          uniq_blork_the_orc
D:7:      tgw_sif, serial_shops, shop, grunt_ogre_cave
D:8:      nemelex_xobeh_ov_fountains_minmay, bloody_trog
D:9:      serial_ice, serial_ice_c, serial_ice_f, serial_ice_l, serial_ice_g
D:11:     minmay_lair_entry_lava, basic_altar, uniq_sonja
D:12:     david_orc_4, serial_shops, shop
D:13:     enter_trove_5, special_room, kennysheep_dice
D:14:     david_vaults_5, minivault_25, minivault_23, uniq_louise
D:15:     grunt_enter_depths_giant_problem, moated_statue
Temple:   zaba_magenta_temple
Lair:1:   patterned_corridor, uniq_harold
Lair:2:   serial_bayou_shore_b, serial_bayou_shore_b
Lair:3:   beast_lair_carwin_5, lemuel_fruit_tree
Lair:4:   swamp_mist_pool, spider_nest_entry_funnel_web, uniq_nessos
Lair:5:   slime_altar_1
Lair:6:   wormcave, guppyfry_lair_end_dragon
Swamp:1:  serial_swamp_ruin, evilmike_swamp_ruin_house_6,
          evilmike_swamp_ruin_house_2, nicolae_swamp_rocky_clearing,
          infiniplex_staircase_pool
Swamp:2:  basic_altar
Swamp:3:  portal_ice_cave_entry_frozen_things, evilmike_swamp_ruin_house_3
Swamp:4:  swamp_basic_johnstein, uniq_roxanne
Spider:1: uniq_asterion
Spider:2: hive_lemuel
Spider:4: spider_rune_water
Vaults:1: hangedman_vaults_nails, ontoclasm_vaults_twist,
          ontoclasm_vaults_fault, v_misc_13, grunt_vaults_hallway_short,
          vaults_room_pools, dpeg_vaults_waves, v_misc_5,
          hangedman_vaults_slice, hangedman_vaults_unwind, uniq_aizul
Vaults:2: nicolae_vaults_good_morning_starshine, v_alt_pattern_5,
          nicolae_vaults_stairing_the_circle, nicolae_vaults_angled_halls,
          ontoclasm_vaults_hangar, vaults_room_pools, vaults_dpeg_diagonal,
          nicolae_vaults_network_periphery, v_misc_12, hangedman_vaults_slice,
          vaults_mumra_chevron, v_misc_31, vaults_dpeg_encased_lava,
          serial_ice_h, vaults_room_hallway, nicolae_vaults_little_squares_5,
          serial_shops, nicolae_shop_overgrown_old_shop, shop, shop,
          nicolae_shop_behind_doors
Vaults:3: v_pattern_5, v_misc_29, stair_cage_open, serial_ice_g,
          grunt_vaults_twisty, minmay_crypt_entry_skeletal_spiral,
          hangedman_vaults_river_flow, v_misc_32,
          nicolae_vaults_big_angled_halls, vaults_room_glass_cross,
          hangedman_vaults_nodes, nicolae_vaults_little_squares_5,
          v_alt_pattern_3, v_misc_22, serial_shops, shop, shop, shop, shop, shop
Vaults:4: ontoclasm_vaults_misaligned, v_pattern_1, hangedman_vaults_stitches,
          nicolae_vaults_little_squares_1, v_misc_15,
          hangedman_vaults_stretched_pinwheel, hangedman_vaults_snaps,
          nicolae_vaults_network_quinsquares, hangedman_vaults_corner,
          hangedman_vaults_pinch, ontoclasm_vaults_loading_screen, serial_shops,
          nicolae_shop_waterfront
Vaults:5: serial_shops
Depths:1: ziggurat_fallback, minmay_misc_feat_hallway, abyss_entry_crystal,
          hell_entry, doesnt_xom_only_xom, grunt_megastairs_3
Depths:2: minmay_guarded_unrand_guard, hell_entry, infiniplex_staircase_river,
          uniq_bai_suzhen
Depths:3: hangedman_crystal_crosses_colossus, hell_entry, pan_entry
Depths:4: due_jory_tower, hangedman_coc_ice_floe, minmay_crystal_room,
          abyss_entry_flame_altar, nrook_loot_triangle, uniq_xtahua
Depths:5: grunt_zot_entry_gee_three, nrook_mini_backslash, hell_entry
Zot:1:    st_stairs_12, hangedman_zot_diagonal_lockstep
Zot:2:    infiniplex_zot_generator
Zot:4:    grunt_megastairs_1
Abyss:3:  nicolae_abyss_rune_star_stuff
Abyss:5:  evilmike_abyss_exit_kraken, minivault_25,
          dshaligram_kb_abyss_rune_zappy_water_cross, minivault_25,
          serial_sigils_hangedman_shear, lemuel_flamethrower_3,
          hangedman_abyss_feature_spike, minivault_25,
          evilmike_abyss_rune_ettins, evilmike_abyss_exit_plants,
          hangedman_summoners_spam

Skill      XL: |  1  2  3  4  5  6  7  8  9 10 11 12 13 14 15 16 17 18 19 20 21 22 23 24 25 |
---------------+----------------------------------------------------------------------------+-----
Unarmed Combat | 3 4 5 9 10 11 12 13 15 16 18 19 20 21 22 23 24 25 26 27 | 27.0
Fighting       | 3 4 6 7 8 9 10 11 12 13 14 15 16 17 18 19 20 | 20.5
Shields        | 3 4 6 7 8 9 10 11 12 13 14 15 | 15.0
Armour         | 2 4 7 8 9 10 | 10.0
Spellcasting   | 3 4 |  4.0
Dodging        | 3 8 11 13 | 13.1

Action                   |  1- 3 |  4- 6 |  7- 9 | 10-12 | 13-15 | 16-18 | 19-21 | 22-24 | 25-27 || total
-------------------------+-------+-------+-------+-------+-------+-------+-------+-------+-------++-------
Melee: Unarmed           |    66 |   105 |   312 |   506 |  1086 |  1346 |  1010 |   963 |   249 ||  5643
Throw: Throwing net      |       |       |       |       |     1 |       |       |     3 |       ||     4
Invok: Sacrifice Experie |       |       |     1 |       |       |       |       |       |       ||     1
       Sacrifice Artific |       |       |     1 |       |       |       |       |       |       ||     1
       Power Leap        |       |       |       |     2 |     1 |     3 |       |       |       ||     6
       Apocalypse        |       |       |       |     3 |     9 |    17 |    15 |    14 |     5 ||    63
       Sacrifice Stealth |       |       |       |     1 |       |       |       |       |       ||     1
       Sacrifice Arcana  |       |       |       |     1 |       |       |       |       |       ||     1
       Reject Sacrifices |       |       |       |     1 |       |       |       |       |       ||     1
       Draw Out Power    |       |       |       |       |     1 |       |       |     2 |     2 ||     5
       Sacrifice Purity  |       |       |       |       |     1 |       |       |       |       ||     1
       Depart the Abyss  |       |       |       |       |       |       |       |       |     2 ||     2
Evoke: Wand              |       |       |     2 |       |       |       |       |       |       ||     2
  Use: Scroll            |       |     5 |     6 |    11 |    11 |    15 |    11 |     9 |     8 ||    76
       Potion            |       |       |       |     1 |     6 |     2 |    14 |    11 |     1 ||    35
 Stab: Sleeping          |     2 |     1 |       |       |       |       |       |       |       ||     3
       Invisible         |       |       |       |     5 |     8 |     6 |     7 |    10 |     1 ||    37
       Paralysed         |       |       |       |     4 |    18 |    33 |    13 |    25 |     3 ||    96
       Distracted        |       |       |       |     1 |     4 |     6 |     1 |     6 |       ||    18
  Eat: Chunk             |     8 |    10 |    37 |    48 |    61 |    87 |    42 |    39 |       ||   332
       Ration            |       |       |       |       |       |     3 |     3 |     4 |     1 ||    11
Armor: Robe              |    20 |    18 |    60 |    84 |    49 |       |       |       |       ||   231
       Swamp dragon scal |       |       |       |       |   343 |   458 |    59 |    58 |       ||   918
       Skin              |       |       |       |       |    49 |       |       |       |       ||    49
       Fire dragon scale |       |       |       |       |       |       |    88 |       |       ||    88
       Gold dragon scale |       |       |       |       |       |       |       |   199 |    92 ||   291
Dodge: Dodged            |    18 |    28 |    97 |   151 |   381 |   323 |    82 |    87 |    36 ||  1203
Block: Shield            |    29 |    45 |   138 |   206 |   555 |   351 |       |       |       ||  1324
       Large shield      |       |       |       |       |       |   495 |   552 |   482 |   223 ||  1752
       Reflection        |       |       |       |       |       |     6 |    48 |     4 |       ||    58

Table legend:
 A = Spawn XP
 B = Non-spawn XP
 C = Spawn XP percentage of total XP
 D = Spawn monster count
 E = Non-spawn monster count
 F = Spawn count percentage of total count
 G = Total turns spent on level
                    A         B        C        D         E        F      G
               +---------+---------+-------+---------+---------+-------+---------
         Total |    8353 | 1168684 |   0.7 |      14 |    1662 |   0.8 | 39151
               +---------+---------+-------+---------+---------+-------+---------
           D:1 |       0 |      16 |   0.0 |       0 |       9 |   0.0 |   289
           D:2 |       0 |      23 |   0.0 |       0 |       4 |   0.0 |    57
           D:3 |       0 |      23 |   0.0 |       0 |       5 |   0.0 |   106
           D:4 |       0 |     291 |   0.0 |       0 |       9 |   0.0 |   615
           D:5 |       0 |     301 |   0.0 |       0 |      17 |   0.0 |   475
           D:6 |       0 |    1121 |   0.0 |       0 |       7 |   0.0 |   594
           D:7 |       0 |    1309 |   0.0 |       0 |      28 |   0.0 |   948
           D:8 |       0 |    2072 |   0.0 |       0 |      26 |   0.0 |   882
           D:9 |       0 |    2722 |   0.0 |       0 |      33 |   0.0 |  1124
          D:10 |       0 |    1449 |   0.0 |       0 |      13 |   0.0 |   948
          D:11 |       0 |    5210 |   0.0 |       0 |      22 |   0.0 |   511
          D:12 |       0 |    2006 |   0.0 |       0 |      29 |   0.0 |   353
          D:13 |       0 |   12036 |   0.0 |       0 |      48 |   0.0 |   806
          D:14 |     293 |   10176 |   2.8 |       1 |      28 |   3.4 |  1082
          D:15 |       0 |   14680 |   0.0 |       0 |      29 |   0.0 |   557
        Lair:1 |       0 |    4651 |   0.0 |       0 |      20 |   0.0 |   972
        Lair:2 |       0 |    8828 |   0.0 |       0 |      38 |   0.0 |  1159
        Lair:3 |       0 |    6162 |   0.0 |       0 |      23 |   0.0 |  1086
        Lair:4 |       0 |    5330 |   0.0 |       0 |      21 |   0.0 |  1162
        Lair:5 |       0 |    4921 |   0.0 |       0 |      12 |   0.0 |  1051
        Lair:6 |       0 |   29703 |   0.0 |       0 |      91 |   0.0 |  1841
       Swamp:1 |       0 |    7177 |   0.0 |       0 |      22 |   0.0 |   332
       Swamp:2 |       0 |     966 |   0.0 |       0 |       3 |   0.0 |    81
       Swamp:3 |       0 |    2155 |   0.0 |       0 |       7 |   0.0 |    88
       Swamp:4 |       0 |   37989 |   0.0 |       0 |      65 |   0.0 |  1260
      Spider:1 |       0 |   24202 |   0.0 |       0 |      81 |   0.0 |  1333
      Spider:2 |       0 |   16047 |   0.0 |       0 |      47 |   0.0 |   647
      Spider:3 |       0 |   14345 |   0.0 |       0 |      45 |   0.0 |   664
      Spider:4 |       0 |   35249 |   0.0 |       0 |      87 |   0.0 |  1069
      Vaults:1 |       0 |   49145 |   0.0 |       0 |      78 |   0.0 |  2607
      Vaults:2 |       0 |   57719 |   0.0 |       0 |      87 |   0.0 |   979
      Vaults:3 |       0 |   51628 |   0.0 |       0 |      72 |   0.0 |  1539
      Vaults:4 |       0 |   41440 |   0.0 |       0 |      78 |   0.0 |  1907
      Vaults:5 |       0 |  188096 |   0.0 |       0 |     146 |   0.0 |  1725
      Depths:1 |       0 |   25746 |   0.0 |       0 |      33 |   0.0 |   767
      Depths:2 |       0 |   54669 |   0.0 |       0 |      59 |   0.0 |  1132
      Depths:3 |       0 |   28822 |   0.0 |       0 |      24 |   0.0 |   760
      Depths:4 |       0 |   18353 |   0.0 |       0 |      18 |   0.0 |   190
      Depths:5 |       0 |   56630 |   0.0 |       0 |      40 |   0.0 |  1553
         Zot:1 |       0 |   23732 |   0.0 |       0 |      13 |   0.0 |   131
         Zot:2 |       0 |   77999 |   0.0 |       0 |      37 |   0.0 |  1067
         Zot:3 |       0 |   38062 |   0.0 |       0 |      19 |   0.0 |   640
         Zot:4 |       0 |   25309 |   0.0 |       0 |      15 |   0.0 |   312
         Zot:5 |       0 |  176348 |   0.0 |       0 |      67 |   0.0 |  1345
       Abyss:5 |    8060 |    3826 |  67.8 |      13 |       7 |  65.0 |   280
               +---------+---------+-------+---------+---------+-------+---------
